 Dungeon Crawl Stone Soup version 0.25.1-8-g42b30a86e7 (webtiles) character file.

Game seed: 4748472236903005077

39375 DildoBatman the Reanimator (level 14, -4/110 HPs)
             Began as a Formicid Wizard on Dec 19, 2020.
             Was an Initiate of Gozag.
             Slain by Rupert
             ... wielding a +2 triple sword of protection
              (33 damage)
             ... on level 13 of the Dungeon.
             The game lasted 01:21:55 (18516 turns).

DildoBatman the Reanimator (Formicid Wizard)       Turns: 18516, Time: 01:21:56

Health: -4/110     AC: 18    Str: 11      XL:     14   Next: 39%
Magic:  4/24       EV: 17    Int: 24      God:    Gozag
Gold:   1383       SH:  5    Dex: 16 (17) Spells: 6/27 levels left

rFire    + . .     SeeInvis +   a - +3 flail of the Tundras {drain, +Fly rF+ Dex+3}
rCold    . . .     Gourm    .   y - +0 buckler
rNeg     + + +     Faith    .   o - +3 troll leather armour
rPois    .         Spirit   .   (helmet unavailable)
rElec    +         Reflect  .   H - +0 cloak
rCorr    .         Harm     .   w - +1 pair of gloves
MR       +....                  N - +0 pair of boots
Stlth    +.........             (no amulet)
HPRegen  0.68/turn              k - ring of the Dropbear {rElec rN+ Dex+5 SInv}
MPRegen  0.19/turn              x - ring "Nauskir" {rN++ AC+4 Stlth-}

@: gold aura, very slightly contaminated
A: permanent stasis, dig shafts and tunnels, four strong arms, antennae 3
a: Dig, Shaft Self, Potion Petition, Call Merchant, Bribe Branch, Renounce
Religion, Evoke Flight


You were on level 13 of the Dungeon.
You worshipped Gozag.
Gozag was most pleased with you.
You were not hungry.

You visited 3 branches of the dungeon, and saw 16 of its levels.
You also visited: Sewer.

You collected 2415 gold pieces.
You spent 523 gold pieces at shops.
You paid 509 gold pieces to Gozag.

Inventory:

Hand Weapons
 a - the +3 flail of the Tundras (weapon) {drain, +Fly rF+ Dex+3}
   (You bought it in a shop on level 1 of the Orcish Mines)

   A truly terrible weapon, it drains the life of those it strikes.
   It affects your dexterity (+3).
   It protects you from fire.
   It lets you fly.
 c - a +1 hunting sling
 d - a +4 scimitar of flaming
 e - a +0 trident of venom
Missiles
 g - 135 bolts
 u - 6 javelins
 B - 30 poisoned darts (quivered)
 C - 106 sling bullets
 D - 246 arrows
 J - 201 stones
 Q - 6 atropa-tipped darts
 S - 5 silver javelins
Armour
 f - a +0 troll leather armour
 o - a +3 troll leather armour (worn)
 w - a +1 pair of gloves (worn)
 y - a +0 buckler (worn)
 H - a +0 cloak (worn)
 N - a +0 pair of boots (worn)
Magical Staves
 b - an uncursed staff of poison
 W - an uncursed staff of death
Jewellery
 k - the ring of the Dropbear (left hand) {rElec rN+ Dex+5 SInv}
   (You found it on level 7 of the Dungeon)

   [ring of see invisible]

   It affects your dexterity (+5).
   It insulates you from electricity.
   It protects you from negative energy.
   It lets you see invisible.
 x - the ring "Nauskir" (right hand) {rN++ AC+4 Stlth-}
   (You found it on level 7 of the Dungeon)

   [ring of protection]

   It affects your AC (+4).
   It greatly protects you from negative energy.
   It makes you less stealthy.
 V - the ring of Vatishr Siuh {Wiz rC+ rN+ Str+4}
   (You took it off a tengu warrior on level 7 of the Dungeon)

   [ring of wizardry]

   It improves your spell success rate.
   It affects your strength (+4).
   It protects you from cold.
   It protects you from negative energy.
Wands
 p - a wand of clouds (3)
 A - a wand of disintegration (6)
 T - a wand of flame (33)
 X - a wand of iceblast (8)
Scrolls
 i - a scroll of fear
 j - 4 scrolls of amnesia
 l - a scroll of blinking {unknown}
 q - a scroll of enchant armour
 z - 2 scrolls of identify
 G - a scroll of torment
 I - 3 scrolls of immolation
 L - a scroll of summoning {unknown}
 O - a scroll of enchant weapon
 U - 3 scrolls of remove curse
 Y - a scroll of vulnerability {unknown}
Potions
 h - 3 potions of mutation {unknown}
 m - 2 potions of brilliance {unknown}
 n - 3 potions of flight {unknown}
 r - 4 potions of berserk rage {unknown}
 s - a potion of resistance {unknown}
 t - 6 potions of curing
 E - 2 potions of stabbing {unknown}
 F - a potion of degeneration {unknown}
 K - a potion of cancellation {unknown}
 M - a potion of invisibility {unknown}
 P - 2 potions of lignification {unknown}
Miscellaneous
 R - a phial of floods
Comestibles
 v - 22 rations


   Skills:
 - Level 10.0 Fighting
 - Level 10.0 Armour
 - Level 8.0 Dodging
 - Level 2.4 Stealth
 - Level 3.0 Shields
 - Level 7.0 Spellcasting
 - Level 6.0 Conjurations
   Level 1.0 Summonings
 * Level 11.9 Necromancy
   Level 0.8 Translocations
 - Level 5.0 Fire Magic
 - Level 4.0 Air Magic
 - Level 4.0 Poison Magic
 - Level 8.0 Evocations


You had 6 spell levels left.
You knew the following spells:

 Your Spells              Type           Power        Failure   Level  Hunger
a - Conjure Flame         Conj/Fire      ####....     2%          3    None
c - Magic Dart            Conj           ####         1%          1    None
d - Vampiric Draining     Necr           ######....   1%          3    None
e - Mephitic Cloud        Conj/Pois/Air  ####....     4%          3    None
f - Agony                 Necr           ######..     1%          5    #####..
h - Dispel Undead         Necr           ######..     1%          4    ###....
z - Sublimation of Blood  Necr           ######....   1%          2    None

Your spell library contained the following spells:

 Spells                   Type           Power        Failure   Level  Hunger
 Pain                     Necr           ####         1%          1    None
 Corpse Rot               Necr/Air       N/A          1%          2    None
 Searing Ray              Conj           #####.       1%          2    None
 Animate Dead             Necr           N/A          1%          4    ###....
 Summon Small Mammal      Summ           ##..         6%          1    None
 Dazzling Flash           Conj/Hex       ###...       8%          3    None
 Beastly Appendage        Tmut           #.....       9%          1    None
 Call Imp                 Summ           ##......     9%          2    None
 Spider Form              Tmut/Pois      ###.......   12%         3    None
 Slow                     Hex            #.......     13%         2    None
 Sticks to Snakes         Tmut           #.......     13%         2    None
 Call Canine Familiar     Summ           ##......     17%         3    None
 Summon Guardian Golem    Hex/Summ       ##......     22%         3    None
 Iskenderun's Mystic Bla  Conj/Tloc      ###.....     22%         4    ###....
 Excruciating Wounds      Chrm/Necr      #####.....   22%         5    #####..
 Fulminant Prism          Conj/Hex       ###.......   26%         4    ###....
 Summon Lightning Spire   Summ/Air       ###.....     30%         4    ###....
 Summon Ice Beast         Ice/Summ       ##......     56%         4    ###....
 Ice Form                 Ice/Tmut       #.......     65%         4    ###....
 Simulacrum               Ice/Necr       #####.....   75%         6    ######.
 Blade Hands              Tmut           #.........   94%         5    #####..
 Haunt                    Necr/Summ      #####.....   99%         7    #######
 Borgnjor's Revivificati  Necr           ######....   99%         8    #######
 Infestation              Necr           ######....   99%         8    #######
 Death's Door             Chrm/Necr      #####.....   100%        8    #######
 Necromutation            Tmut/Necr      #####.....   100%        8    #######
 Blink                    Tloc           Unusable     N/A         2    N/A

Dungeon Overview and Level Annotations

Branches:
Dungeon (13/15)            Temple (1/1) D:6            Lair (0/6) D:8
    Orc (2/2) D:11            Elf (0/3) Orc:2         Sewer (visited)
 Vaults: D:13-14

Altars:
Ashenzari
Cheibriados
Dithmenos
Elyvilon
Fedhas
Gozag
Hepliaklqana
Kikubaaqudgha
Makhleb
Nemelex Xobeh
Okawaru
Qazlal
Ru
Sif Muna
Trog
Uskayaw
Vehumet
Wu Jian
Xom
Yredelemnul
Zin
The Shining One
Beogh

Shops:
Orc:1 (   Orc:2 }*[(*[

Annotations:
D:13 Rupert


Innate Abilities, Weirdness & Mutations

You cannot be hasted, slowed, berserked, paralysed or teleported.
You can dig through walls and to a lower floor.
Your four strong arms can wield two-handed weapons with a shield.
You have a pair of large antennae on your head. (SInv)


Message History

The hobgoblin skeleton misses you.
Casting: Vampiric Draining (safe; 1% risk of failure)
Confirm with . or Enter, or press ? or * to list all spells.
Aiming: Vampiric Draining (safe; 1% risk of failure)
Press: ? - help, Shift-Dir - straight line, f/p - Rupert
Aim: Rupert, wielding a +2 triple sword of protection and wearing a +2 ring mail of magic resistance (flame, almost dead, berserk, lightly drained) Rupert is almost dead.
You feel life coursing into your body.
Rupert is engulfed in blazing flames.
Rupert hits you with a +2 triple sword of protection!!
Casting: Vampiric Draining (safe; 1% risk of failure)
Confirm with . or Enter, or press ? or * to list all spells.
Aiming: Vampiric Draining (safe; 1% risk of failure)
Press: ? - help, Shift-Dir - straight line, f/p - Rupert
Aim: Rupert, wielding a +2 triple sword of protection and wearing a +2 ring mail of magic resistance (flame, almost dead, berserk, lightly drained) Rupert is almost dead.
You feel life coursing into your body.
Rupert hits you with a +2 triple sword of protection!!
You die...
Your body crumbles into a pile of gold.

#........+ #..<.....#
#........# #####'####
#...# #.### ####'#######
##### #..........#
######......
#..........###Z@@☼'.Y....
#..........'...####..$...
#..........##### .....
#..........# ....
#..........# ###
#..........# ############


You could see Rupert (berserk, drained), an ice beast and a hobgoblin skeleton.

Vanquished Creatures
  Erolcha (Orc:2)
  3 hydras
  11 two-headed ogres
  A centaur warrior (D:10)
  2 tengu warriors
  2 ogre magi (Orc:2)
  An orc high priest (Orc:2)
  4 unseen horrors
  2 deep trolls (Orc:2)
  Pikel (D:5)
  2 orc sorcerers
  An orb spider (shapeshifter) (D:9)
  An orc knight (D:13)
  5 cyclopes
  2 manticores (D:11)
  2 ugly things
  A deep elf mage (D:7)
  Joseph (D:9)
  A gargoyle (D:11)
  Maggie (D:6)
  A catoblepas zombie (D:12)
  A kobold demonologist (D:11)
  A catoblepas skeleton (D:13)
  12 trolls
  Prince Ribbit (D:5)
  2 hornets
  A meliai zombie (D:12)
  5 hippogriffs
  2 shadows
  A wyvern (D:11)
  9 yaks
  Eustachio (D:5)
  A wraith (D:11)
  2 basilisks (D:8)
  A vampire mosquito (D:9)
  2 hungry ghosts
  Edmund (D:5)
  A soldier ant (D:12)
  17 orc warriors
  A black bear (D:7)
  6 ice beasts
  3 slaves (D:5)
  A manticore zombie (D:12)
  3 phantoms
  5 sky beasts
  2 eyes of draining (D:9)
  2 necrophages
  21 ogres
  4 centaurs
  4 crocodiles
  A big kobold (D:11)
  11 bullfrogs
  4 scorpions
  A wyvern skeleton (D:11)
  5 killer bees
  3 howler monkeys
  3 crimson imps
  A quasit (D:5)
  3 bullfrog zombies
  4 centaur zombies
  6 hounds
  5 jellies
  17 orc wizards
  15 orc priests
  Crazy Yiuf (D:6)
  6 bullfrog skeletons
  5 centaur skeletons
  10 iguanas
  12 worker ants
  A killer bee zombie (D:8)
  A big kobold zombie (D:12)
  2 hound zombies
  A worker ant zombie (D:5)
  2 howler monkey skeletons
  15 adders
  3 orc zombies
  3 gnolls (D:9)
  A shadow imp (D:9)
  An ooze (D:7)
  3 adder skeletons
  2 adder zombies
  2 worms (D:3)
  A dart slug (D:2)
  5 leopard geckos
  82 orcs
  15 bats
  3 giant cockroaches
  8 goblins
  4 hobgoblins
  6 jackals
  2 quokkas
  3 ball pythons
  3 frilled lizards
  A frilled lizard zombie (D:12)
  A hobgoblin skeleton (D:12)
  A hobgoblin zombie (D:12)
  6 kobolds
  A kobold skeleton (D:12)
  A kobold zombie (D:12)
  A leopard gecko skeleton (D:8)
  A quokka skeleton (D:4)
  A quokka zombie (D:5)
  6 rats
  2 rat zombies (D:12)
463 creatures vanquished.

Vanquished Creatures (collateral kills)
  A killer bee (D:10)
1 creature vanquished.

Vanquished Creatures (others)
  An orc warrior (D:13)
  An orc (D:13)
  2 plants (Orc:2)
4 creatures vanquished.

Grand Total: 468 creatures vanquished

Notes
Turn   | Place    | Note
-------+----------+-------------------------------------------
     0 | D:1      | DildoBatman the Formicid Wizard began the quest for the
                  | Orb.
     0 | D:1      | Reached XP level 1. HP: 13/13 MP: 4/4
   124 | D:1      | Reached skill level 1 in Conjurations
   526 | D:1      | Reached XP level 2. HP: 14/19 MP: 0/6
   718 | D:1      | Reached XP level 3. HP: 11/24 MP: 0/7
  1052 | D:2      | Reached XP level 4. HP: 30/30 MP: 2/8
  1059 | D:2      | Learned a level 3 spell: Conjure Flame
  1063 | D:2      | Learned a level 3 spell: Mephitic Cloud
  1310 | D:2      | Found a hide-covered altar of Uskayaw.
  1649 | D:3      | Found a glowing golden altar of the Shining One.
  2330 | D:3      | Reached skill level 1 in Shields
  2330 | D:3      | Reached XP level 5. HP: 35/35 MP: 5/9
  2490 | D:4      | Found a sparkling altar of Nemelex Xobeh.
  2499 | D:4      | Found a glowing drain.
  2562 | D:4      | Reached skill level 1 in Poison Magic
  2562 | D:4      | Reached XP level 6. HP: 42/42 MP: 6/10
  2574 | Sewer    | Entered a sewer
  2727 | Sewer    | Reached skill level 1 in Fighting
  2727 | Sewer    | Reached skill level 1 in Armour
  2727 | Sewer    | Reached skill level 1 in Fire Magic
  2844 | D:4      | Reached skill level 1 in Air Magic
  2957 | D:4      | Reached XP level 7. HP: 43/48 MP: 3/11
  3529 | D:5      | Entered Level 5 of the Dungeon
  3547 | D:5      | Found an ornate altar of the Wu Jian Council.
  3686 | D:5      | Noticed Prince Ribbit
  4090 | D:5      | Noticed Eustachio
  5064 | D:6      | Noticed Maggie
  5074 | D:6      | Found a transporter.
  5078 | D:6      | Found a hazy altar of Hepliaklqana.
  5093 | D:6      | Found a bloodstained altar of Trog.
  5175 | D:6      | Found a staircase to the Ecumenical Temple.
  5203 | D:6      | Reached XP level 8. HP: 56/56 MP: 9/12
  5324 | D:6      | Reached skill level 5 in Conjurations
  5432 | Temple   | Entered the Ecumenical Temple
  5652 | Temple   | Became a worshipper of Kikubaaqudgha
  5966 | D:5      | Noticed Edmund
  5980 | D:5      | Killed Edmund
  6159 | D:5      | Noticed Pikel
  6171 | D:5      | Killed Pikel
  6171 | D:5      | Reached skill level 5 in Fire Magic
  6171 | D:5      | Reached XP level 9. HP: 44/62 MP: 10/13
  6352 | D:5      | Killed Eustachio
  6673 | D:5      | Reached * piety under Kikubaaqudgha
  6673 | D:5      | Identified Kikubaaqudgha's Almanac of Dark Magic
                  | (Kikubaaqudgha gifted it to you on level 5 of the Dungeon)
  6673 | D:5      | Received a gift from Kikubaaqudgha
  6823 | D:5      | Killed Prince Ribbit
  6986 | D:6      | Found a runed translucent door.
  6987 | D:6      | Noticed Crazy Yiuf
  7002 | D:6      | Killed Crazy Yiuf
  7091 | D:6      | Found a transporter.
  7098 | D:6      | Noticed an unseen horror
  7204 | D:6      | You fall into a shaft and drop 3 floors!
  7207 | D:9      | You fall into a shaft and drop 2 floors!
  7250 | D:11     | Learned a level 2 spell: Sublimation of Blood
  7254 | D:11     | Learned a level 3 spell: Vampiric Draining
  7285 | D:11     | Noticed an unseen horror
  7396 | D:11     | Killed an unseen horror
  7396 | D:11     | Reached skill level 5 in Fighting
  7396 | D:11     | Reached skill level 5 in Armour
  7396 | D:11     | Reached skill level 2 in Necromancy
  7396 | D:11     | Reached XP level 10. HP: 61/74 MP: 6/17
  7453 | D:11     | Noticed a manticore
  7468 | D:11     | Noticed a kobold demonologist
  7500 | D:11     | Reached skill level 5 in Spellcasting
  7508 | D:11     | Killed a kobold demonologist
  7508 | D:11     | Reached skill level 3 in Necromancy
  7754 | D:11     | Reached skill level 4 in Necromancy
  7829 | D:11     | Noticed a manticore
  7847 | D:11     | Killed a manticore
  8218 | D:11     | Reached ** piety under Kikubaaqudgha
  8218 | D:11     | Reached skill level 5 in Necromancy
  8279 | D:11     | Found a staircase to the Orcish Mines.
  8381 | D:11     | Found a roughly hewn altar of Beogh.
  8398 | D:11     | Noticed an unseen horror
  8400 | D:11     | Noticed a green ugly thing
  8429 | D:11     | Killed a green ugly thing
  8429 | D:11     | Reached skill level 6 in Necromancy
  8429 | D:11     | Reached XP level 11. HP: 35/79 MP: 2/21
  8433 | D:11     | Killed a manticore
  8452 | D:11     | Killed an unseen horror
  8452 | D:11     | Reached skill level 7 in Necromancy
  8938 | D:11     | Reached skill level 8 in Necromancy
  9533 | D:10     | Entered Level 10 of the Dungeon
  9776 | D:11     | Reached *** piety under Kikubaaqudgha
  9776 | D:11     | Identified Kikubaaqudgha's Handbook of Darkness
                  | (Kikubaaqudgha gifted it to you on level 11 of the Dungeon)
  9776 | D:11     | Received a gift from Kikubaaqudgha
  9786 | D:11     | Learned a level 4 spell: Dispel Undead
  9792 | D:11     | Learned a level 5 spell: Agony
  9880 | D:10     | Reached skill level 9 in Necromancy
 10552 | D:10     | Noticed a centaur warrior
 10561 | D:10     | Noticed an unseen horror
 10710 | D:10     | Killed a centaur warrior
 10724 | D:10     | Killed an unseen horror
 11222 | D:9      | Noticed Joseph
 11251 | D:9      | Killed Joseph
 11278 | D:9      | Reached skill level 1 in Evocations
 11425 | D:9      | Reached **** piety under Kikubaaqudgha
 11463 | D:9      | Reached XP level 12. HP: 88/88 MP: 8/22
 12489 | D:8      | Found a staircase to the Lair.
 12565 | D:8      | Got a distressingly furry chain mail
 12678 | D:8      | Found a sacrificial altar of Ru.
 12886 | D:8      | Reached skill level 5 in Dodging
 13366 | D:7      | Reached ***** piety under Kikubaaqudgha
 13417 | D:7      | Found a snail-covered altar of Cheibriados.
 13425 | D:7      | Found a basalt altar of Yredelemnul.
 13428 | D:7      | Found a shadowy altar of Dithmenos.
 13438 | D:7      | Found an iron altar of Okawaru.
 13677 | D:7      | Reached skill level 10 in Necromancy
 13908 | D:7      | Identified the ring of Vatishr Siuh {Wiz rC+ rN+ Str+4}
 13908 | D:7      | Noticed a tengu warrior
 13913 | D:7      | Identified the cursed ring of Paranoia {EV-4 Int+3}
 13942 | D:7      | Killed a tengu warrior
 14138 | D:7      | Got a glittering lead ring
 14140 | D:7      | Identified the ring of the Dropbear {rElec rN+ Dex+5 SInv}
                  | (You found it on level 7 of the Dungeon)
 14153 | D:7      | Identified the cursed +0 chain mail of the Tortoise {MR+++
                  | Dex+3 Slay-4} (You found it on level 8 of the Dungeon)
 14167 | D:7      | Got a coiled steel ring
 14171 | D:7      | Identified the ring "Nauskir" {rN++ AC+4 Stlth-} (You found
                  | it on level 7 of the Dungeon)
 14331 | D:7      | Found a radiant altar of Vehumet.
 14404 | D:6      | Killed Maggie
 14728 | D:6      | Killed an unseen horror
 14882 | Orc:1    | Entered Level 1 of the Orcish Mines
 15027 | Orc:1    | Found Gisutobo's Antique Weapon Boutique.
 15341 | Orc:2    | Entered Level 2 of the Orcish Mines
 15341 | Orc:2    | Found Uprimnuq's Armour Shoppe.
 15362 | Orc:2    | Reached skill level 5 in Evocations
 15404 | Orc:2    | Reached XP level 13. HP: 98/98 MP: 17/23
 15682 | Orc:2    | Found Vokeskof's Weapon Emporium.
 15765 | Orc:2    | Reached skill level 11 in Necromancy
 15865 | Orc:2    | Found Xemmydaloa's Assorted Antiques.
 15867 | Orc:2    | Found Esyedgh's General Store.
 15874 | Orc:2    | Found Hootazus's Antique Armour Emporium.
 15905 | Orc:2    | Noticed Erolcha
 15918 | Orc:2    | Killed Erolcha
 15918 | Orc:2    | Reached ****** piety under Kikubaaqudgha
 15933 | D:11     | Received a gift from Kikubaaqudgha
 15935 | D:11     | Fell from the grace of Kikubaaqudgha
 16064 | Temple   | Became a worshipper of Gozag Ym Sagoz the Greedy
 16223 | Orc:1    | Bought a faintly glowing flail for 229 gold pieces
 16223 | Orc:1    | Identified the +3 flail of the Tundras {drain, +Fly rF+
                  | Dex+3} (You bought it in a shop on level 1 of the Orcish
                  | Mines)
 16370 | Orc:2    | Found Pahid's Assorted Antiques.
 16459 | Orc:2    | Noticed an ogre mage
 16481 | Orc:2    | Killed an ogre mage
 16492 | Orc:2    | Bought a scroll of enchant armour for 210 gold pieces
 16492 | Orc:2    | Bought a scroll labeled QEUCOF VOLURASHRU for 28 gold
                  | pieces
 16492 | Orc:2    | Bought a scroll of identify for 56 gold pieces
 16502 | Orc:2    | Found a staircase to the Elven Halls.
 16526 | Orc:2    | Found Luulom's Gadget Shoppe.
 16973 | D:12     | Reached XP level 14. HP: 104/108 MP: 22/24
 18314 | D:13     | Reached skill level 10 in Fighting
 18402 | D:13     | Found a roughly hewn altar of Beogh.
 18449 | D:13     | Reached skill level 10 in Armour
 18497 | D:13     | Noticed Rupert
 18516 | D:13     | Slain by Rupert

Illustrated notes

Levels and vault maps discovered:
D:1:      minmay_arrival_nine_rooms, layout_basic
D:2:      layout_rooms, lemuel_doored_altar, first_ration,
          minmay_misc_feat_more_columns
D:3:      layout_rooms, tso_oasis_becter, serial_co_window_serial,
          co_window_paths_a, co_window_paths_b, co_window_of_opportunity_a,
          co_window_paths_b, co_window_of_opportunity_a, co_window_corner_cb,
          co_window_broadway_a, co_window_corner_b, co_window_2corner,
          co_window_of_opportunity_c, co_window_unsneaky_path_d,
          glass_columns_b, glass_columns_b, glass_columns_a,
          minmay_misc_feat_ornament
D:4:      layout_basic, portal_sewer_entry_d, nemelex_xobeh_ov_fountains_minmay
D:5:      layout_loops_ring, marbit_many_paths, uniq_prince_ribbit1,
          uniq_edmund, uniq_eustachio, uniq_pikel
D:6:      layout_cave_pools, gammafunk_temple_overflow_arena,
          minmay_temple_entry_nine_rooms, bloody_trog, uniq_maggie,
          uniq_crazy_yiuf_cottage
D:7:      minmay_the_grid_triangle_9x9_rhombus_full
          [minmay_the_grid_triangle_9x9_steps,
          minmay_the_grid_triangle_9x9_descending_squares,
          minmay_the_grid_triangle_9x9_negative_grid,
          minmay_the_grid_triangle_9x9_alien,
          minmay_the_grid_triangle_9x9_thin_v,
          minmay_the_grid_triangle_9x9_pentomino_pain,
          minmay_the_grid_triangle_9x9_semitri,
          minmay_the_grid_triangle_9x9_prize_special], layout_rooms,
          vehumet_crystals, grunt_temple_overflow_cloverleaf
D:8:      layout_gridville, kennysheep_mini_moat, david_lair_generic
D:9:      minmay_bloctagon, layout_cave_pools, uniq_joseph
D:10:     layout_grid_maze
D:11:     layout_cave_pods, minmay_orc_entry_temple_small
D:12:     layout_stronghold
D:13:     layout_roguey [special_room_orc], uniq_rupert
Temple:   hc_temple_tempest_star
Orc:1:    layout_caves, serial_shops, shop
Orc:2:    st_orc_open, layout_diamond_mine, serial_shops,
          nicolae_shop_overgrown_old_shop, nicolae_shop_crystal,
          nicolae_shop_stone, uniq_erolcha

Skill      XL: |  1  2  3  4  5  6  7  8  9 10 11 12 13 14 |
---------------+-------------------------------------------+-----
Conjurations   | 1 2 3 4 6 |  6.0
Shields        | 1 3 |  3.0
Poison Magic   | 1 2 3 4 |  4.0
Fighting       | 1 2 5 6 8 9 10 | 10.0
Armour         | 1 2 5 6 7 9 10 | 10.0
Fire Magic     | 1 2 5 |  5.0
Air Magic      | 1 2 4 |  4.0
Dodging        | 2 3 4 6 7 8 |  8.0
Spellcasting   | 4 7 |  7.0
Necromancy     | 2 6 9 10 11 | 11.9
Evocations     | 1 5 7 8 |  8.0
Stealth        | |  2.4
Summonings     | |  1.0
Translocations | |  0.8

Action                   |  1- 3 |  4- 6 |  7- 9 | 10-12 | 13-15 || total
-------------------------+-------+-------+-------+-------+-------++-------
Melee: Club              |     6 |       |       |       |       ||     6
       Unarmed           |       |     1 |     3 |    21 |       ||    25
       Dire flail        |       |       |     2 |       |       ||     2
       Rapier            |       |       |    24 |   640 |    72 ||   736
       Hunting sling     |       |       |     1 |     1 |       ||     2
       Trident           |       |       |       |    10 |    49 ||    59
       Flail             |       |       |       |       |   360 ||   360
       Staff             |       |       |       |       |     1 ||     1
       Scimitar          |       |       |       |       |     5 ||     5
 Fire: Hunting sling     |    26 |    59 |   243 |   312 |       ||   640
Throw: Dart              |       |    22 |    12 |    20 |       ||    54
       Javelin           |       |     5 |       |     9 |       ||    14
 Cast: Magic Dart        |    51 |    70 |    81 |    69 |       ||   271
       Mephitic Cloud    |       |     4 |    19 |    79 |    37 ||   139
       Conjure Flame     |       |     2 |    31 |    81 |    42 ||   156
       Vampiric Draining |       |       |       |    18 |    12 ||    30
       Dispel Undead     |       |       |       |     4 |     2 ||     6
       Sublimation of Bl |       |       |       |       |     6 ||     6
Invok: Receive Necronomi |       |       |       |       |     1 ||     1
       Renounce Religion |       |       |       |       |     1 ||     1
 Abil: Dig               |     2 |    14 |    24 |    36 |    25 ||   101
       Shaft Self        |       |       |     2 |       |       ||     2
Evoke: Phial of floods   |       |       |     1 |       |       ||     1
       Wand              |       |       |       |       |     4 ||     4
  Use: Scroll            |       |       |     8 |    10 |       ||    18
       Potion            |       |       |       |     5 |       ||     5
 Stab: Confused          |       |       |     4 |    22 |    16 ||    42
       Sleeping          |       |       |       |     4 |       ||     4
       Distracted        |       |       |       |       |     2 ||     2
  Eat: Chunk             |     1 |     7 |    21 |    28 |     3 ||    60
       Ration            |       |       |       |     1 |     4 ||     5
Armor: Robe              |     4 |     6 |     9 |       |       ||    19
       Leather armour    |       |       |    18 |    73 |       ||    91
       Troll leather arm |       |       |       |   159 |   139 ||   298
Dodge: Dodged            |    25 |    44 |    71 |   444 |   321 ||   905
Block: Buckler           |       |     1 |    30 |   133 |   104 ||   268
       Rpst.: Scimitar   |       |       |       |       |     2 ||     2
